cohdb
Replays
Latest Replays
All Replays
Popular Replays
Top Player Replays
Match Explorer
How It Works
Community
CoH3 Stats
Reddit
Sign in to upload your games and track your stats! →
Sign in with Steam
Match 45838166
Unlisted
Match 45838166
Overview
Messages
Build Orders
End
Royal Engineer Section
Construct Section Command Post
Selects Heavy Armor Battlegroup
Infantry Section
Vickers Machine Gun Team
ML 3-inch Mortar Team
Construct Platoon Command Post
Selects Rigorous Vehicle Training
Construct Field Infirmary
Unlock M3 Stuart Light Tanks
M3 Stuart Light Tank
M3 Stuart Light Tank
Selects Light Vehicle Withdraw and Refit
Selects Radio Net
Unlock Bishop Self-propelled Artillery
Bishop Self-propelled Artillery
Bishop Self-propelled Artillery
6-pounder Anti-tank Gun Team
M3 Stuart Light Tank
Radio Net
Henk
water
Hirys it's Irys
Lapis Rose
Juan
Jason_Beebe
Dr Jello
L1mbo
0
0
Comments
sign in to comment!
No comments posted yet!